 Dungeon Crawl Stone Soup version 0.25.0-46-gbd7b0854d2 (webtiles) character file.

Game seed: 15878022670075606080

40 Revguard the Shooter (level 3, -2/29 HPs)
             Began as a Centaur Hunter on July 12, 2020.
             Slain by an adder (5 damage)
             ... on level 2 of the Dungeon.
             The game lasted 00:05:46 (1232 turns).

Revguard the Shooter (Centaur Hunter)               Turns: 1232, Time: 00:05:48

Health: -2/29      AC:  4    Str: 14    XL:     3   Next: 30%
Magic:  3/3        EV:  9    Int: 10    God:
Gold:   125        SH:  0    Dex: 10    Spells: 2/2 levels left

rFire    . . .     SeeInvis .   h - +0 spear
rCold    . . .     Gourm    .   (no shield)
rNeg     . . .     Faith    .   c - +0 leather armour
rPois    .         Spirit   .   (no helmet)
rElec    .         Reflect  .   (no cloak)
rCorr    .         Harm     .   (no gloves)
MR       .....                  (no barding)
Stlth    +.........             (no amulet)
HPRegen  0.09/turn              (no ring)
MPRegen  0.08/turn              (no ring)

@: lethally poisoned (-2 -> -11), very quick
A: large, hooves 3, deformed body, speed 2, tough skin 3
a: no special abilities


You were on level 2 of the Dungeon.
You were not hungry.

You visited 1 branch of the dungeon, and saw 2 of its levels.

You collected 125 gold pieces.

Inventory:

Hand Weapons
 a - a +1 shortbow
 b - a +0 short sword
 h - a +0 spear (weapon)
Missiles
 d - 41 arrows
Armour
 c - a +0 leather armour (worn)
Scrolls
 e - a scroll of blinking {unknown}
 i - 2 scrolls of amnesia {unknown}
 j - a scroll of noise {unknown}
 k - 2 scrolls of identify {unknown}
 l - a scroll of enchant armour {unknown}
Comestibles
 f - 5 rations
 g - 4 chunks of flesh


   Skills:
 + Level 2.3 Fighting
 * Level 0.4 Polearms
 + Level 6.3 Bows
 + Level 0.1 Armour
 + Level 1.5 Dodging
 - Level 0.4 Stealth


You had 2 spell levels left.
You didn't know any spells.
Your spell library was empty.

Dungeon Overview and Level Annotations

Branches:
Dungeon (2/15)

Altars:
Qazlal


Innate Abilities, Weirdness & Mutations

You have hooves in place of feet.
Armour fits poorly on your strangely shaped body.
You cover ground very quickly.
You have extremely tough skin. (AC +3)


Message History

The adder is severely wounded.
You feel sick. The adder barely misses you.
Your leather armour prevents you from hitting the adder.
Your kick misses the adder.
The adder is severely wounded.
The adder bites you but does no damage. The adder bites you.
* * * LOW HITPOINT WARNING * * *
You barely miss the adder.
The adder is severely wounded.
The adder bites you.
* * * LOW HITPOINT WARNING * * *
You are lethally poisoned!
The adder poisons you!
You closely miss the adder.
The adder is severely wounded.
* * * LOW HITPOINT WARNING * * *
You feel sick. The adder bites you.
* * * LOW HITPOINT WARNING * * *
The adder bites you.
You die...

... #. #.#.......#..##.
. #. #....._......##.
#....#.......#..###
######.#.......#...##
#....#.##.....##...## ..
#....#.####.####...##
(..#....#.............##
(..'(.............#.....
#.(S@#.[.......#.....
#.......#####........
#.......#..........##
#....................
#....................
..####................
### #....#####.......
#....# #....... #....#
#.......


You could see an adder.

Vanquished Creatures
  An ooze (D:2)
  A dart slug (D:1)
  A leopard gecko (D:1)
  5 goblins
  3 hobgoblins
  4 jackals (D:2)
  4 kobolds
  8 bats
  A frilled lizard (D:2)
  A rat (D:1)
29 creatures vanquished.

Notes
Turn   | Place    | Note
-------+----------+-------------------------------------------
     0 | D:1      | Revguard the Centaur Hunter began the quest for the Orb.
     0 | D:1      | Reached XP level 1. HP: 17/17 MP: 1/1
   101 | D:1      | Reached XP level 2. HP: 24/24 MP: 2/2
   203 | D:1      | Reached skill level 6 in Bows
   892 | D:2      | Reached XP level 3. HP: 11/29 MP: 3/3
  1120 | D:2      | Found a stormy altar of Qazlal.
  1232 | D:2      | Slain by an adder

Illustrated notes

Levels and vault maps discovered:
D:1:      wander_arrival_peaceful_grave, layout_loops_ring
D:2:      layout_basic, old_standard_altar, nicolae_overflow_hidden_temple,
          first_ration, dk_noncrumbling_2

Skill      XL: |  1  2 |
---------------+-------+-----
Bows           | 6 |  6.3
Fighting       | |  2.3
Polearms       | |  0.4
Armour         | |  0.1
Dodging        | |  1.5
Stealth        | |  0.4

Action                   || total
-------------------------++-------
Melee: Spear             ||    63
       Kick              ||     5
       Short sword       ||     2
 Fire: Shortbow          ||    52
  Use: Potion            ||     1
Armor: Leather armour    ||    44
Dodge: Dodged            ||    47
